 Dungeon Crawl Stone Soup version 0.31-a0-1300-gb6740aa4e6 (webtiles) character file.

Game seed: 4267898739122273690

14875 Sobieck the Arsonist (level 11, -2/54 HPs)
             Began as a Deep Elf Conjurer on Dec 18, 2023.
             Was an Elder of Vehumet.
             Killed from afar by a rime drake (24 damage)
             ... with an icy flash freeze
             ... on level 1 of the Lair of Beasts.
             The game lasted 00:38:44 (12776 turns).

Sobieck the Arsonist (Deep Elf Conjurer)           Turns: 12776, Time: 00:38:45

Health: -2/54      AC:  4    Str:  4    XL:     11   Next: 94%
Magic:  18/28      EV: 12    Int: 28    God:    Vehumet [****..]
Gold:   586        SH:  0    Dex: 13    Spells: 16/32 levels left

rFire   + + .        i - +9 dagger of Ywiawea {pain, +Blink rElec}
rCold   . . .        p - orb {*channel}
rNeg    . . .        a - +0 robe
rPois   .            (no helmet)
rElec   +            (no cloak)
rCorr   .            (no gloves)
SInv    .            q - +1 pair of boots
Will    +....        (no amulet)
Stlth   ++           f - ring of protection from fire
HPRegen 0.29/turn    z - ring of protection from fire
MPRegen 0.21/turn

%: channel magic (20%)
@: no status effects
A: no striking features
a: Renounce Religion, Evoke Blink


You were on level 1 of the Lair of Beasts.
You worshipped Vehumet.
Vehumet was greatly pleased with you.
You visited 3 branches of the dungeon, and saw 13 of its levels.

You collected 586 gold pieces.

Inventory:

Hand Weapons
 i - the +9 dagger of Ywiawea (weapon) {pain, +Blink rElec}
   (You found it on level 4 of the Dungeon)

   rElec:     It insulates you from electricity.
   +Blink:    It lets you blink.
 x - the +9 whip of the Brewing Stoat {holy, Str+5}
   (You found it on level 9 of the Dungeon)

   Str+5:     It affects your strength (+5).
 J - the +4 mace "Nousuunn" {vamp, ^Drain rElec rPois}
   (You found it on level 1 of the Lair of Beasts)

   rElec:     It insulates you from electricity.
   rPois:     It protects you from poison ^Drain: It drains your maximum health
   when unequipped.
Missiles
 F - a curare-tipped dart
Armour
 a - a +0 robe (worn)
 c - the +8 chain mail of Divine Intervention {Dex+4}
   (You found it on level 4 of the Dungeon)

   Dex+4:     It affects your dexterity (+4).
 m - a +0 buckler
 p - an orb of energy (worn)
 q - a +1 pair of boots (worn)
 u - an orb of mayhem
 w - a +0 cloak
 C - the +0 plate armour "Qubuff" {Harm rN+ Will-}
   (You found it on level 11 of the Dungeon)

   rN+:       It protects you from negative energy.
   Will-:     It decreases your willpower.
   Harm:      It increases damage dealt and taken.
 L - an orb of mayhem
Jewellery
 f - a ring of protection from fire (left hand)
 z - a ring of protection from fire (right hand)
 A - a ring of fire
 B - an amulet of faith
Wands
 o - a wand of polymorph (4)
 D - a wand of digging (5)
 I - a wand of iceblast (16)
Scrolls
 b - 3 scrolls of blinking
 d - a scroll of brand weapon
 g - a scroll of torment {unknown}
 j - a scroll of enchant weapon
 n - 2 scrolls of poison
 t - a scroll of enchant armour
 v - a scroll of fog {unknown}
 y - a scroll of revelation {unknown}
 R - 2 scrolls of identify
 T - 3 scrolls of teleportation
Potions
 e - a potion of attraction {unknown}
 h - 6 potions of heal wounds
 k - 4 potions of magic
 l - 3 potions of brilliance
 r - a potion of lignification {unknown}
 s - 2 potions of berserk rage {unknown}
 E - a potion of resistance {unknown}
 G - a potion of might {unknown}
 H - a potion of haste
 K - a potion of enlightenment {unknown}
 Q - 5 potions of curing


   Skills:
 - Level 2.4 Dodging
 - Level 2.4 Stealth
 - Level 11.0 Spellcasting
 - Level 9.0 Conjurations
 - Level 9.0 Hexes
 - Level 4.0 Translocations
 + Level 11.1 Fire Magic
 - Level 8.0 Ice Magic
 - Level 7.0 Air Magic


You had 16 spell levels left.
You knew the following spells:

 Your Spells              Type           Power      Damage    Failure   Level
a - Magic Dart            Conj           100%       1d8       1%          1
b - Searing Ray           Conj           100%       2d8       1%          2
c - Fulminant Prism       Conj/Hex       30%        3d16      1%          4
d - Iskenderun's Mystic   Conj/Tloc      51%        2d11      2%          4
e - Freezing Cloud        Conj/Ice/Air   28%        6-21      3%          5

Your spell library contained the following spells:

 Spells                   Type           Power      Damage    Failure   Level
 Iskenderun's Battlesphe  Conj           60%        2d11      2%          5
 Poisonous Vapours        Pois/Air       70%        N/A       1%          2
 Dazzling Flash           Conj/Hex       100%       N/A       1%          3
 Frozen Ramparts          Ice            100%       1d16      1%          3
 Hailstorm                Conj/Ice       58%        3d11      1%          3
 Mephitic Cloud           Conj/Pois/Air  45%        N/A       1%          3
 Sticky Flame             Conj/Fire      64%        2d8       1%          4
 Ignite Poison            Fire/Tmut/Pois 36%        N/A       2%          3
 Lesser Beckoning         Tloc           74%        N/A       5%          2
 Gell's Gravitas          Tloc           37%        N/A       8%          3
 Teleport Other           Tloc           37%        N/A       8%          3
 Metabolic Englaciation   Hex/Ice        29%        N/A       11%         5
 Summon Ice Beast         Ice/Summ       37%        N/A       19%         4
 Leda's Liquefaction      Tmut/Erth      7%         N/A       56%         4
 Petrify                  Tmut/Erth      15%        N/A       56%         4
 Ignition                 Fire           33%        3d10      65%         8
 Simulacrum               Ice/Necr       18%        N/A       87%         6


Dungeon Overview and Level Annotations

Branches:
Dungeon (11/15)            Temple (1/1) D:4            Lair (1/5) D:10
    Orc: D:9-12

Altars:
Ashenzari
Cheibriados
Dithmenos
Elyvilon
Fedhas
Gozag
Hepliaklqana
Kikubaaqudgha
Makhleb
Nemelex Xobeh
Okawaru
Qazlal
Ru
Sif Muna
Trog
Uskayaw
Vehumet
Wu Jian
Xom
Yredelemnul
Zin
The Shining One

Shops:
D:4 *

Annotations:
D:9 3 runed translucent doors, PowderKeg's ghost, novice DgGl


Message History

You conjure a prism of explosive energy!
A fulminant prism comes into view.
The rime drake breathes ice at you.
The icy flash freeze hits your fulminant prism!
Your fulminant prism partially resists.
Your fulminant prism is flash-frozen.
Something bites your fulminant prism.
Your fulminant prism detonates feebly.
Unknown command.
Casting: Fulminant Prism (dangerous; 1% risk of failure)
Confirm with . or Enter, or press ? or * to list all spells.
Aiming: Fulminant Prism (dangerous; 1% risk of failure)
Press: ? - help, Dir - move target You conjure a prism of explosive energy!
A fulminant prism comes into view.
Danger!
You hear the brisk rumble of a very distant avalanche of rocks.
Your fulminant prism crackles loudly.
Your fulminant prism explodes!
The blast of energy engulfs the rime drake!!
The rime drake is heavily wounded.
The blast of energy engulfs the bush!!
The bush is moderately damaged.
Unknown command.
Casting: Fulminant Prism (dangerous; 1% risk of failure)
Confirm with . or Enter, or press ? or * to list all spells.
Aiming: Fulminant Prism (dangerous; 1% risk of failure)
Press: ? - help, Dir - move target You conjure a prism of explosive energy!
Magical energy flows into your mind!
A fulminant prism comes into view.
Your fulminant prism crackles loudly.
The rime drake breathes ice at you. The icy flash freeze hits you!!
Ouch! That really hurt!
You are encased in ice.
Your fulminant prism explodes!
The blast of energy engulfs the rime drake.
The rime drake is severely wounded.
Casting: Fulminant Prism (dangerous; 1% risk of failure)
Confirm with . or Enter, or press ? or * to list all spells.
Aiming: Fulminant Prism (dangerous; 1% risk of failure)
Press: ? - help, Dir - move target You conjure a prism of explosive energy!
A fulminant prism comes into view.
Unknown command.
The ice encasing you melts away.
Your fulminant prism crackles loudly.
The rime drake breathes ice at you. The icy flash freeze hits you!!
You die...

#.......P# #...............
........## #...............
#.......######.>.............
#...............##.##..#....
#.......##.....#......
........##.....#......
#.......###...........
........##.....#......
#.......###.@..#......
#.......# #.k..#......
#.......# #..*........ ...
#........... ...k
#...........
.....###....#......
............#......
............#......
....)$......#......


You could see a rime drake (catching breath, ally target) and a friendly
fulminant prism.

Vanquished Creatures
  A boulder beetle (D:11)
  3 two-headed ogres
  2 cyclopes (D:11)
  A manticore (D:11)
  An elephant (D:10)
  A gargoyle (D:9)
  Maggie (Lair:1)
  2 cane toads (Lair:1)
  Jeremiah (D:8)
  A rime drake (D:10)
  Psyche (D:11)
  2 komodo dragons
  4 trolls
  Grinder (D:3)
  Prince Ribbit (D:8)
  3 blink frogs (Lair:1)
  3 wyverns
  2 basilisks (D:10)
  8 yaks (D:10)
  A steam dragon (D:6)
  An acid dragon (D:10)
  4 water moccasins
  An ice beast (D:7)
  2 orc warriors
  An ogre (D:5)
  A wolf (D:8)
  4 centaurs
  2 phantoms
  2 kobold brigands
  A gnoll sergeant (D:8)
  5 bullfrogs
  A wyvern zombie (D:5)
  5 scorpions
  7 wights
  A water moccasin skeleton (D:5)
  4 killer bees (D:9)
  7 howler monkeys
  2 bullfrog zombies (D:5)
  10 hounds
  8 orc priests
  5 jellies
  4 gnoll boudas
  A bullfrog skeleton (D:5)
  4 sleepcaps
  Jessica (D:2)
  An iguana (D:4)
  7 orc wizards
  A killer bee zombie (D:5)
  2 hound zombies (D:5)
  A howler monkey skeleton (D:5)
  23 gnolls
  8 adders
  2 white imps (D:7)
  2 ufetubi (D:7)
  5 worms
  7 dart slugs
  38 orcs
  11 endoplasms
  A giant cockroach (D:1)
  8 goblins
  5 hobgoblins
  10 jackals
  5 quokkas
  7 ball pythons
  2 bats (D:1)
  A frilled lizard (D:1)
  24 kobolds
  8 rats
303 creatures vanquished.

Vanquished Creatures (others)
  139 fulminant prisms
139 creatures vanquished.

Grand Total: 442 creatures vanquished

Notes
Turn   | Place    | Note
-------+----------+-------------------------------------------
     0 | D:1      | Sobieck the Deep Elf Conjurer began the quest for the Orb.
     0 | D:1      | Reached XP level 1. HP: 10/10 MP: 6/6
   137 | D:1      | Reached skill level 1 in Hexes
   260 | D:1      | Reached XP level 2. HP: 15/15 MP: 5/8
   715 | D:1      | Learned a level 2 spell: Searing Ray
   932 | D:1      | Reached XP level 3. HP: 19/19 MP: 7/10
  1271 | D:2      | Found a faded altar of an unknown god.
  1567 | D:2      | Noticed Jessica
  1569 | D:2      | Killed Jessica
  1570 | D:2      | Reached XP level 4. HP: 24/24 MP: 9/12
  1929 | D:3      | Noticed a scorpion
  1940 | D:3      | Killed a scorpion
  1941 | D:3      | Reached skill level 3 in Hexes
  1941 | D:3      | Reached XP level 5. HP: 28/28 MP: 4/14
  2184 | D:3      | Noticed Grinder
  2199 | D:3      | Killed Grinder
  2200 | D:3      | Reached skill level 6 in Conjurations
  2200 | D:3      | Reached XP level 6. HP: 28/32 MP: 6/16
  2655 | D:3      | Reached skill level 6 in Spellcasting
  3230 | D:4      | Identified the +8 chain mail of Divine Intervention {Dex+4}
  3432 | D:4      | Reached XP level 7. HP: 36/36 MP: 14/18
  3610 | D:4      | Found a staircase to the Ecumenical Temple.
  3619 | Temple   | Entered the Ecumenical Temple
  3645 | Temple   | Became a worshipper of Vehumet
  3851 | D:4      | Learned a level 4 spell: Fulminant Prism
  3898 | D:4      | Reached skill level 6 in Hexes
  4103 | D:4      | Found Caivesh's General Store.
  4349 | D:4      | Identified the +9 dagger of Ywiawea {pain, +Blink rElec}
  4459 | D:4      | Noticed a wyvern
  4480 | D:4      | Killed a wyvern
  4614 | D:5      | Entered Level 5 of the Dungeon
  4658 | D:5      | Reached * piety under Vehumet
  4658 | D:5      | Offered knowledge of Foxfire by Vehumet.
  4896 | D:4      | Reached XP level 8. HP: 28/41 MP: 10/21
  5238 | D:5      | Learned a level 4 spell: Iskenderun's Mystic Blast
  5718 | D:5      | Reached skill level 9 in Spellcasting
  6219 | D:6      | Reached ** piety under Vehumet
  6249 | D:6      | Offered knowledge of Freeze by Vehumet.
  6384 | D:6      | Reached XP level 9. HP: 45/45 MP: 17/24
  6490 | D:6      | Reached skill level 9 in Hexes
  6578 | D:6      | Reached skill level 9 in Conjurations
  7043 | D:7      | Reached skill level 1 in Translocations
  7093 | D:7      | Offered knowledge of Static Discharge by Vehumet.
  7215 | D:7      | Reached skill level 3 in Translocations
  8036 | D:7      | Reached skill level 1 in Ice Magic
  8036 | D:7      | Reached skill level 1 in Air Magic
  8276 | D:7      | Reached skill level 3 in Ice Magic
  8339 | D:8      | Reached *** piety under Vehumet
  8343 | D:8      | Noticed Jeremiah
  8355 | D:8      | Killed Jeremiah
  8356 | D:8      | Reached skill level 3 in Air Magic
  8587 | D:8      | Reached XP level 10. HP: 50/50 MP: 23/27
  8800 | D:8      | Offered knowledge of Flame Wave by Vehumet.
  9402 | D:8      | Reached **** piety under Vehumet
  9516 | D:9      | Noticed Prince Ribbit
  9523 | D:8      | Killed Prince Ribbit
  9576 | D:9      | Reached skill level 6 in Ice Magic
  9816 | D:9      | Noticed a gargoyle
  9828 | D:9      | Killed a gargoyle
  9840 | D:9      | Learned a level 5 spell: Freezing Cloud
  9885 | D:9      | Found a faded altar of an unknown god.
  9886 | D:9      | Found a hazy altar of Hepliaklqana.
  9962 | D:9      | Identified the +9 whip of the Brewing Stoat {holy, Str+5}
 10232 | D:9      | Offered knowledge of Iskenderun's Battlesphere by Vehumet.
 10428 | D:9      | Found a runed translucent gate.
 10436 | D:9      | Found a runed translucent gate.
 10439 | D:9      | Found a runed translucent gate.
 10508 | D:9      | Noticed PowderKeg's ghost (novice DgGl)
 10508 | D:9      | Noticed a nine-headed hydra
 10657 | D:10     | Entered Level 10 of the Dungeon
 10661 | D:10     | Reached skill level 6 in Air Magic
 10668 | D:10     | Noticed an elephant
 10674 | D:10     | Noticed a two-headed ogre
 10679 | D:10     | Found a white marble altar of Elyvilon.
 11080 | D:10     | Killed a two-headed ogre
 11095 | D:10     | Reached skill level 1 in Fire Magic
 11104 | D:10     | Reached XP level 11. HP: 54/54 MP: 26/28
 11191 | D:10     | Reached skill level 3 in Fire Magic
 11432 | D:10     | Found a staircase to the Lair.
 11860 | D:11     | Identified the +0 plate armour "Qubuff" {Harm rN+ Will-}
 11868 | D:11     | Reached skill level 6 in Fire Magic
 12013 | D:11     | Noticed Psyche
 12021 | D:11     | Killed Psyche
 12033 | D:11     | Noticed a two-headed ogre
 12034 | D:11     | Noticed a boulder beetle
 12043 | D:11     | Killed a two-headed ogre
 12052 | D:11     | Killed a boulder beetle
 12173 | D:11     | Noticed a two-headed ogre
 12183 | D:11     | Killed a two-headed ogre
 12184 | D:11     | Reached skill level 9 in Fire Magic
 12323 | D:11     | Noticed a boulder beetle
 12363 | Lair:1   | Entered Level 1 of the Lair of Beasts
 12584 | Lair:1   | Identified the +4 mace "Nousuunn" {vamp, ^Drain rElec
                  | rPois}
 12626 | Lair:1   | Noticed Maggie
 12634 | Lair:1   | Killed Maggie
 12776 | Lair:1   | Killed from afar by a rime drake

Illustrated notes

Levels and vault maps discovered:
D:1:      co_arrival_square_in_a_square_in_a_square, layout_loops_ring,
          chequers_serial_rivers_small_b, minmay_cut_off
D:2:      layout_basic, ebering_ecumenical_altar_petrified, uniq_jessica
D:3:      layout_rooms, nicolae_wormholes, uniq_grinder
D:4:      layout_loops_ring, temple_hall, serial_shops, shop,
          minmay_fractal_squares_diagonal_5
D:5:      minmay_evil_eye, layout_rooms, serial_undead, serial_undead_f,
          serial_undead_e, serial_undead_a, serial_undead_d
D:6:      layout_rooms
D:7:      layout_loops_corners, kennysheep_crisscross
D:8:      layout_cave_pools, serial_gnoll_camp, gnoll_camp_medium_01,
          gnoll_camp_mini_basic, gnoll_camp_mini_doghouse,
          gnoll_camp_mini_doghouse, uniq_jeremiah
D:9:      layout_long_grid, beargit_hepliaklqana_dungeon_heroes,
          gammafunk_ghost_hydra_chop, uniq_prince_ribbit1
D:10:     layout_cave_pods, mainiacjoe_overflow_small_starburst,
          david_lair_generic
D:11:     layout_loops_ring, serial_bayou, serial_bayou_pond_b,
          serial_bayou_crossing, serial_bayou_pond_e, serial_bayou_pond_b,
          palyth_stone_intersect, uniq_psyche
Temple:   mainiacjoe_temple_cubbyholes
Lair:1:   minmay_lair_venomous_thicket, layout_gridlike,
          nicolae_volcano_entry_lava_flow, nicolae_lair_run_with_the_wolves,
          uniq_maggie

Skill      XL: |  1  2  3  4  5  6  7  8  9 10 11 |
---------------+----------------------------------+-----
Hexes          | 1 2 3 4 5 6 8 9 |  9.0
Spellcasting   | 4 5 6 7 9 11 | 11.0
Conjurations   | 5 6 7 8 9 |  9.0
Translocations | 4 |  4.0
Ice Magic      | 3 8 |  8.0
Air Magic      | 3 7 |  7.0
Fire Magic     | 2 11 | 11.1
Dodging        | |  2.4
Stealth        | |  2.4

Action                     |  1- 3 |  4- 6 |  7- 9 | 10-12 || total
---------------------------+-------+-------+-------+-------++-------
  Melee: Dagger            |       |       |     5 |       ||     5
   Cast: Magic Dart        |    71 |    69 |    68 |     2 ||   210
         Searing Ray       |     1 |    15 |    31 |     7 ||    54
         Fulminant Prism   |       |       |    74 |    66 ||   140
         Iskenderun's Myst |       |       |     2 |    16 ||    18
         Freezing Cloud    |       |       |       |    38 ||    38
    Use: Scroll            |       |    10 |     4 |     1 ||    15
         Potion            |       |       |       |     2 ||     2
 Armour: Robe              |     4 |     6 |    95 |    27 ||   132
  Dodge: Dodged            |     7 |     7 |    65 |    18 ||    97

Table legend: (Time is in decaauts)
 A = Elapsed time spent in this place.
 B = Non-inter-level travel time spent in this place.
 C = Inter-level travel time spent in this place.
 D = Time resting spent in this place.
 E = Time spent auto-exploring this place.
 F = Levels seen in this place.
 G = Mean time per level.
                   A        B        C        D        E       F      G
               +--------+--------+--------+--------+--------+-----+--------+
         Total |  12799 |  12165 |    634 |   3444 |   5963 |  13 |  984.5 |
       Dungeon |  12442 |  11857 |    585 |   3313 |   5920 |  11 | 1131.1 |
        Temple |     50 |      1 |     49 |      0 |      0 |   1 |   50.0 |
          Lair |    306 |    306 |      0 |    131 |     43 |   1 |  306.0 |
               +--------+--------+--------+--------+--------+-----+--------+

Top non-repeatable levels by time:
     D:4: 2013 daAuts
     D:7: 1677 daAuts
    D:10: 1427 daAuts
     D:3: 1276 daAuts
     D:1: 1147 daAuts
     D:8: 1102 daAuts
     D:9: 980 daAuts
     D:5: 924 daAuts
     D:2: 774 daAuts
     D:6: 722 daAuts
    D:11: 393 daAuts
  Lair:1: 306 daAuts
  Temple: 50 daAuts
